 Dungeon Crawl Stone Soup version 0.30-a0-368-g86fb4627a9 (webtiles) character file.

Game seed: 3966086201859276071

60 retardedninja the Covered (level 3, -2/33 HPs)
             Began as a Minotaur Fighter on Nov 18, 2022.
             Killed from afar by Terence (8 damage)
             ... with a puff of flame
             ... on level 3 of the Dungeon.
             The game lasted 00:02:38 (1871 turns).

retardedninja the Covered (Minotaur Fighter)        Turns: 1871, Time: 00:02:38

Health: -2/33      AC:  5    Str: 21    XL:     3   Next: 80%
Magic:  2/2        EV:  9    Int:  9    God:
Gold:   104        SH:  4    Dex:  8    Spells: 2/2 levels left

rFire   . . .      SeeInvis .    a - +0 war axe
rCold   . . .      Faith    .    c - +0 buckler
rNeg    . . .      Spirit   .    b - +0 scale mail
rPois   .          Reflect  .    (helmet restricted)
rElec   .          Harm     .    (no cloak)
rCorr   .          Rampage  .    o - +0 pair of gloves
Will    .....                    (no boots)
Stlth   ..........               (no amulet)
HPRegen 0.25/turn                (no ring)
MPRegen 0.08/turn                (no ring)

@: about to teleport, unable to drink
A: horns 2, retaliatory headbutt, clever 1, deformed body, inability to drink
after injury 1
a: no special abilities


You were on level 3 of the Dungeon.
You visited 1 branch of the dungeon, and saw 3 of its levels.

You collected 104 gold pieces.

Inventory:

Hand Weapons
 a - a +0 war axe (weapon)
Armour
 b - a +0 scale mail (worn)
 c - a +0 buckler (worn)
 o - a +0 pair of gloves (worn)
Jewellery
 h - a +4 ring of evasion
Wands
 l - a wand of polymorph (9)
Scrolls
 g - a scroll of enchant weapon {unknown}
 n - 4 scrolls of identify {unknown}
 p - a scroll of enchant armour {unknown}
Potions
 d - a potion of might
 e - 5 potions of curing {unknown}
 f - a potion of heal wounds {unknown}
 j - 5 potions of flight {unknown}
 k - a potion of invisibility {unknown}
 q - a potion of attraction {unknown}


   Skills:
 + Level 4.2 Fighting
 + Level 3.3 Axes
 + Level 4.3 Armour
 + Level 4.2 Shields


You had 2 spell levels left.
You didn't know any spells.
Your spell library contained the following spells:

 Spells                   Type           Power      Damage    Failure   Level
 Gell's Gravitas          Tloc           0%         N/A       99%         3
 Lesser Beckoning         Tloc           0%         N/A       99%         3
 Teleport Other           Tloc           0%         N/A       99%         3


Dungeon Overview and Level Annotations

Branches:
Dungeon (3/15)

Altars:
Xom

Shops:
D:3 (

Annotations:
D:3 Terence


Innate Abilities, Weirdness & Mutations

You have a pair of horns on your head.
You reflexively headbutt those who attack you in melee.
Your mind is acute. (Int +4, Str/Dex -1)
Armour fits poorly on your strangely shaped body.
You occasionally lose the ability to drink potions when taking damage.


Message History

You hit Terence. Your headbutt misses Terence.
Terence is lightly wounded.
Terence barely misses you.
You closely miss Terence. Your headbutt misses Terence.
Terence is lightly wounded.
Terence zaps a wand.
The puff of flame misses you.
Terence zaps a wand.
The puff of flame hits you.
Unknown command.
You hit Terence but do no damage. You headbutt Terence, but do no damage.
Terence is lightly wounded.
Terence hits you with a +2 vorpal flail.
Unknown command.
You closely miss Terence.
Terence is lightly wounded.
Terence zaps a wand.
The puff of flame hits you!
You feel threatened and lose the ability to drink potions!
Terence says, "Don't bother to defend, it's senseless."
You block Terence's attack.
Unknown command.
You are too injured to fight recklessly!
Unknown command.
You hit Terence but do no damage. Your headbutt misses Terence.
Terence is lightly wounded.
Terence zaps a wand.
You block the puff of flame.
You cannot drink potions in your current state!
You cannot drink potions in your current state!
You cannot drink potions in your current state!
Unknown command.
As you read the scroll labelled ZUTUIL ISYFAN, it crumbles to dust.
It is a scroll of amnesia.
You feel forgetful for a moment.
Terence hits you with a +2 vorpal flail.
* * * LOW HITPOINT WARNING * * *
As you read the scroll of teleportation, it crumbles to dust.
You feel strangely unstable. Terence closely misses you.
Terence zaps a wand.
The puff of flame hits you.
* * * LOW HITPOINT WARNING * * *
Terence zaps a wand.
The puff of flame hits you!
You die...
Xom thinks this is hilarious!

#.# #.# #.# #.#
#.# #.#
########.#####...
.......@..@.....#
.#######.######.#
#.# #.# #.# #.#
.#######.######
###
.............<#
..#
#######.#######
#.#


You could see Terence.

Vanquished Creatures
  3 adders
  5 ball pythons
  8 endoplasms
  2 hobgoblins
  5 bats
  3 frilled lizards
  A goblin (D:1)
  5 kobolds
  4 rats (D:1)
36 creatures vanquished.

Notes
Turn   | Place    | Note
-------+----------+-------------------------------------------
     0 | D:1      | retardedninja the Minotaur Fighter began the quest for the
                  | Orb.
     0 | D:1      | Reached XP level 1. HP: 19/19 MP: 0/0
   337 | D:1      | Reached XP level 2. HP: 27/27 MP: 1/1
   359 | D:1      | Found a faded altar of an unknown god.
   410 | D:1      | Prayed at the altar of an unknown god.
   410 | D:1      | Became a worshipper of Xom of Chaos
   411 | D:1      | Fell from the grace of Xom
  1148 | D:2      | Reached XP level 3. HP: 31/33 MP: 2/2
  1715 | D:3      | XOM: give mutations
  1715 | D:3      | Gained mutation: Your mind is acute. (Int +4, Str/Dex -1)
                  | [Xom's mischief]
  1715 | D:3      | Gained mutation: You occasionally lose the ability to drink
                  | potions when taking damage. [Xom's mischief]
  1715 | D:3      | Gained mutation: Armour fits poorly on your strangely
                  | shaped body. [Xom's mischief]
  1742 | D:3      | Found Citodoi's Weapon Shop.
  1861 | D:3      | Noticed Terence
  1871 | D:3      | Killed from afar by Terence

Illustrated notes

Levels and vault maps discovered:
D:1:      saegor_arrival_simple_d, layout_basic, ebering_ecumenical_altar_webs,
          hex_intersection
D:2:      layout_rooms
D:3:      layout_basic, serial_shops, shop, uniq_ijyb, uniq_terence

Skill      XL: |  1  2 |
---------------+-------+-----
Armour         | 4 |  4.3
Shields        | 4 |  4.2
Axes           | 3 |  3.3
Fighting       | 4 |  4.2

Action                   || total
-------------------------++-------
Melee: War axe           ||    93
       Headbutt          ||    13
Invok: Renounce Religion ||     1
  Use: Scroll            ||     4
Armor: Scale mail        ||    39
Dodge: Dodged            ||    47
Block: Buckler           ||    19

Table legend: (Time is in decaauts)
 A = Elapsed time spent in this place.
 B = Non-inter-level travel time spent in this place.
 C = Inter-level travel time spent in this place.
 D = Time resting spent in this place.
 E = Time spent auto-exploring this place.
 F = Levels seen in this place.
 G = Mean time per level.
                   A        B        C        D        E       F      G
               +--------+--------+--------+--------+--------+-----+--------+
         Total |   1905 |   1752 |    153 |      0 |   1417 |   3 |  635.0 |
       Dungeon |   1905 |   1752 |    153 |      0 |   1417 |   3 |  635.0 |
               +--------+--------+--------+--------+--------+-----+--------+

Top non-repeatable levels by time:
     D:1: 1049 daAuts
     D:2: 432 daAuts
     D:3: 423 daAuts
